TOP OF THE 1ST |
Oregon State University Beavers batting - Pitching for University of Virginia Cavaliers : RHP Arturo Vargas
|
Pitching: RHP Arturo Vargas
|
|
Batting: RHB Oscar Munoz
|
0-0: Ball 1-0: Foul Ball, location: 2F 1-1: Swinging Strike 1-2: Foul Ball, location: 2F 1-2: Strikes out swinging
|
Batting: RHB Yasuyuki Moriyama
|
0-0: Ball 1-0: Foul Ball, location: 2F 1-1: Ball 2-1: Ball 3-1: Base on Balls
|
Batting: RHB Luis Flores
|
0-0: Called Strike 0-1: Swinging Strike 0-2: Foul Ball, location: 2F 0-2: Ball 1-2: Ball 2-2: Foul Ball, location: 2F 2-2: Foul Ball, location: 2F 2-2: Ball 3-2: Fielders Choice at 2nd, 6-4 (Groundball, 6, EV 78.1 MPH)
|
Batting: LHB Abdul-Hakim Jibril
|
0-0: Swinging Strike 0-1: Swinging Strike 0-2: Ball 1-2: Ball 2-2: Ground out 4-3 (Groundball, 4S, EV 89.4 MPH)
|
Top of the 1st over - 0 runs, 0 hits, 0 errors, 1 left on base; Oregon State University 0 - University of Virginia 0 |
BOTTOM OF THE 1ST |
University of Virginia Cavaliers batting - Pitching for Oregon State University Beavers : RHP Rimbo Zhu
|
Pitching: RHP Rimbo Zhu
|
|
Batting: RHB Scott Anderson
|
0-0: Foul Ball, location: 2F 0-1: Ball 1-1: Swinging Strike 1-2: Foul Ball, location: 2F 1-2: Strikes out swinging
|
Batting: RHB Jose Velez
|
0-0: Ball 1-0: Called Strike 1-1: SINGLE (Line Drive, 56D, EV 100.0 MPH)
|
Batting: LHB Alex Aguilar
|
0-0: Ball Jose Velez is caught stealing 2nd base 2-6 1-0: Foul Ball, location: 2F 1-1: Fly out, F9 (Flyball, 9, EV 84.4 MPH)
|
Bottom of the 1st over - 0 runs, 1 hit, 0 errors, 0 left on base; Oregon State University 0 - University of Virginia 0 |
TOP OF THE 2ND |
Oregon State University Beavers batting - Pitching for University of Virginia Cavaliers : RHP Arturo Vargas
|
Batting: RHB Willie Lopez
|
0-0: Ground out 6-3 (Groundball, 6, EV 84.4 MPH)
|
Batting: LHB Jon Hamilton
|
0-0: Foul Ball, location: 2F 0-1: Called Strike 0-2: Strikes out swinging
|
Batting: SHB Eric Robertson
|
0-0: Called Strike 0-1: Called Strike 0-2: Ball 1-2: Strikes out looking
|
Top of the 2nd over - 0 runs, 0 hits, 0 errors, 0 left on base; Oregon State University 0 - University of Virginia 0 |
BOTTOM OF THE 2ND |
University of Virginia Cavaliers batting - Pitching for Oregon State University Beavers : RHP Rimbo Zhu
|
Batting: LHB Edelberto Barbas
|
0-0: Ball 1-0: Swinging Strike 1-1: Called Strike 1-2: Foul Ball, location: 2F 1-2: Ball 2-2: Foul Ball, location: 2F 2-2: Ball 3-2: Foul Ball, location: 2F 3-2: Foul Ball, location: 2F 3-2: Base on Balls
|
Batting: LHB Josh Glass
|
0-0: Called Strike Edelberto Barbas steals 2nd base 0-1: Swinging Strike 0-2: Ball 1-2: Strikes out swinging
|
Batting: RHB Luke Bertrand
|
0-0: Fly out, F8 (Line Drive, 8RD, EV 102.5 MPH) Runner from 2nd tags up, SAFE at 3rd with throw by CF
|
Batting: LHB Jason Chase
|
0-0: SINGLE (Flyball, 56D, EV 96.9 MPH) Edelberto Barbas scores
|
Batting: RHB Nick Cech
|
0-0: SINGLE (Flyball, 3D, EV 90.6 MPH) Jason Chase to second Runner from 2nd tries for 3rd, SAFE, throw by RF made to third
|
Batting: LHB Ray Nichter
|
0-0: Swinging Strike 0-1: Called Strike 0-2: Ball 1-2: Strikes out looking
|
Bottom of the 2nd over - 1 run, 2 hits, 0 errors, 2 left on base; Oregon State University 0 - University of Virginia 1 |
TOP OF THE 3RD |
Oregon State University Beavers batting - Pitching for University of Virginia Cavaliers : RHP Arturo Vargas
|
Batting: RHB Israel Soto
|
0-0: Ball 1-0: Fly out, F9 (Flyball, 9D, EV 87.5 MPH)
|
Batting: SHB Sosaia Apelahama
|
0-0: Called Strike 0-1: Swinging Strike 0-2: Ball 1-2: Strikes out swinging
|
Batting: RHB Oscar Munoz
|
0-0: Called Strike 0-1: Ball 1-1: Swinging Strike 1-2: Strikes out swinging
|
Top of the 3rd over - 0 runs, 0 hits, 0 errors, 0 left on base; Oregon State University 0 - University of Virginia 1 |
BOTTOM OF THE 3RD |
University of Virginia Cavaliers batting - Pitching for Oregon State University Beavers : RHP Rimbo Zhu
|
Batting: RHB Scott Anderson
|
0-0: Ground out 6-3 (Groundball, 6S, EV 86.2 MPH)
|
Batting: RHB Jose Velez
|
0-0: Called Strike 0-1: Ball 1-1: Called Strike 1-2: Ball 2-2: Foul Ball, location: 2F 2-2: Foul Ball, location: 2F 2-2: Hit by Pitch
|
Batting: LHB Alex Aguilar
|
0-0: Ball 1-0: Foul Ball, location: 2F 1-1: Fielders Choice at 2nd, 3-6 (Groundball, 3, EV 98.8 MPH)
|
Batting: LHB Edelberto Barbas
|
0-0: Called Strike 0-1: Ball Alex Aguilar steals 2nd base 1-1: Ground out 4-3 (Groundball, 4, EV 103.8 MPH)
|
Bottom of the 3rd over - 0 runs, 0 hits, 0 errors, 1 left on base; Oregon State University 0 - University of Virginia 1 |
TOP OF THE 4TH |
Oregon State University Beavers batting - Pitching for University of Virginia Cavaliers : RHP Arturo Vargas
|
Batting: RHB Yasuyuki Moriyama
|
0-0: Ball 1-0: Ball 2-0: Ball 3-0: Called Strike 3-1: Foul Ball, location: 2F 3-2: Fly out, F7 (Flyball, 7, EV 84.4 MPH)
|
Batting: RHB Luis Flores
|
0-0: Called Strike 0-1: Swinging Strike 0-2: Ball 1-2: Ground out 6-3 (Groundball, 56, EV 109.4 MPH)
|
Batting: LHB Abdul-Hakim Jibril
|
0-0: Called Strike 0-1: Foul Ball, location: 2F 0-2: Strikes out looking
|
Top of the 4th over - 0 runs, 0 hits, 0 errors, 0 left on base; Oregon State University 0 - University of Virginia 1 |
BOTTOM OF THE 4TH |
University of Virginia Cavaliers batting - Pitching for Oregon State University Beavers : RHP Rimbo Zhu
|
Batting: LHB Josh Glass
|
0-0: Called Strike 0-1: Fly out, F9 (Flyball, 9LS, EV 91.9 MPH)
|
Batting: RHB Luke Bertrand
|
0-0: Called Strike 0-1: Foul Ball, location: 2F 0-2: Ball 1-2: Strikes out swinging
|
Batting: LHB Jason Chase
|
0-0: Ball 1-0: Called Strike 1-1: Called Strike 1-2: Ball 2-2: Strikes out swinging
|
Bottom of the 4th over - 0 runs, 0 hits, 0 errors, 0 left on base; Oregon State University 0 - University of Virginia 1 |
TOP OF THE 5TH |
Oregon State University Beavers batting - Pitching for University of Virginia Cavaliers : RHP Arturo Vargas
|
Batting: RHB Willie Lopez
|
0-0: Ball 1-0: SINGLE (Groundball, 56D, EV 106.2 MPH)
|
Batting: LHB Jon Hamilton
|
0-0: Ball 1-0: Called Strike 1-1: Called Strike Willie Lopez is caught stealing 2nd base 2-6 1-2: Foul Ball, location: 2F 1-2: Ground out 3-1 (Groundball, 34S, EV 88.8 MPH)
|
Batting: SHB Eric Robertson
|
0-0: Called Strike 0-1: Called Strike 0-2: Ball 1-2: Ball 2-2: Ball 3-2: Ground out 6-3 (Groundball, 6, EV 104.4 MPH)
|
Top of the 5th over - 0 runs, 1 hit, 0 errors, 0 left on base; Oregon State University 0 - University of Virginia 1 |
BOTTOM OF THE 5TH |
University of Virginia Cavaliers batting - Pitching for Oregon State University Beavers : RHP Rimbo Zhu
|
Batting: RHB Nick Cech
|
0-0: Ball 1-0: Foul Ball, location: 2F 1-1: Foul Ball, location: 2F 1-2: Ball 2-2: Strikes out looking
|
Batting: LHB Ray Nichter
|
0-0: Called Strike 0-1: Ball 1-1: Foul Ball, location: 2F 1-2: Strikes out swinging
|
Batting: RHB Scott Anderson
|
0-0: DOUBLE (Flyball, 8RXD, EV 94.4 MPH)
|
Batting: RHB Jose Velez
|
0-0: Ball 1-0: Called Strike 1-1: Ball 2-1: Ball 3-1: Called Strike 3-2: Foul Ball, location: 2F 3-2: SINGLE (Groundball, 4D, EV 101.9 MPH) Scott Anderson to third Runner from 3rd tries for Home, throw by RF and OUT! 9-2
|
Bottom of the 5th over - 0 runs, 2 hits, 0 errors, 1 left on base; Oregon State University 0 - University of Virginia 1 |
TOP OF THE 6TH |
Oregon State University Beavers batting - Pitching for University of Virginia Cavaliers : RHP Arturo Vargas
|
Batting: RHB Israel Soto
|
0-0: Foul Ball, location: 2F 0-1: Ball 1-1: Ground out 6-3 (Groundball, 6M, EV 87.5 MPH)
|
Batting: SHB Sosaia Apelahama
|
0-0: Called Strike 0-1: Foul Ball, location: 2F 0-2: Ball 1-2: Ball 2-2: Strikes out swinging
|
Batting: RHB Oscar Munoz
|
0-0: Ball 1-0: Ball 2-0: Called Strike 2-1: Ball 3-1: Called Strike 3-2: Fly out, F3 (Popup, 34, EV 84.4 MPH)
|
Top of the 6th over - 0 runs, 0 hits, 0 errors, 0 left on base; Oregon State University 0 - University of Virginia 1 |
BOTTOM OF THE 6TH |
University of Virginia Cavaliers batting - Pitching for Oregon State University Beavers : RHP Rimbo Zhu
|
Batting: LHB Alex Aguilar
|
0-0: Ball 1-0: Swinging Strike 1-1: Called Strike 1-2: Strikes out swinging
|
Pitching: LHP Yin-reng Deng
|
|
Batting: LHB Edelberto Barbas
|
0-0: Fly out, F6 (Popup, 6M, EV 68.8 MPH)
|
Batting: LHB Josh Glass
|
0-0: Called Strike 0-1: Called Strike 0-2: Strikes out looking
|
Bottom of the 6th over - 0 runs, 0 hits, 0 errors, 0 left on base; Oregon State University 0 - University of Virginia 1 |
TOP OF THE 7TH |
Oregon State University Beavers batting - Pitching for University of Virginia Cavaliers : RHP Arturo Vargas
|
Pitching: RHP Waldemar Toet
|
|
Batting: RHB Yasuyuki Moriyama
|
0-0: Swinging Strike 0-1: Ball 1-1: Foul Ball, location: 2F 1-2: Strikes out swinging
|
Batting: RHB Luis Flores
|
0-0: Foul Ball, location: 2F 0-1: Ball 1-1: Fly out, F6 (Popup, 4MD, EV 57.5 MPH)
|
Batting: LHB Abdul-Hakim Jibril
|
0-0: Ball 1-0: Swinging Strike 1-1: Swinging Strike 1-2: Strikes out swinging
|
Top of the 7th over - 0 runs, 0 hits, 0 errors, 0 left on base; Oregon State University 0 - University of Virginia 1 |
BOTTOM OF THE 7TH |
University of Virginia Cavaliers batting - Pitching for Oregon State University Beavers : LHP Yin-reng Deng
|
Batting: RHB Luke Bertrand
|
0-0: Ball 1-0: Foul Ball, location: 2F 1-1: Foul Ball, location: 2F 1-2: Foul Ball, location: 2F 1-2: Ball 2-2: Fly out, F7 (Flyball, 7, EV 94.4 MPH)
|
Batting: LHB Jason Chase
|
0-0: Ball 1-0: Ball 2-0: SINGLE (Groundball, 34S, EV 70.6 MPH) (infield hit)
|
Batting: RHB Nick Cech
|
0-0: Ball 1-0: SINGLE (Groundball, 34D, EV 103.8 MPH) Jason Chase to second Runner from 2nd tries for 3rd, OUT! 9-5 Nick Cech to second
|
Batting: LHB Ray Nichter
|
0-0: Called Strike 0-1: Foul Ball, location: 2F 0-2: Reached on error, E3 (Groundball, 34, EV 83.1 MPH) Nick Cech to third
|
Batting: RHB Scott Anderson
|
0-0: Ball 1-0: Ball 2-0: Ball 3-0: Base on Balls Ray Nichter to second
|
Batting: RHB Jose Velez
|
0-0: Called Strike 0-1: Swinging Strike 0-2: Ball 1-2: Ball 2-2: Fly out, F2 (Popup, 2LF, EV 80.0 MPH)
|
Bottom of the 7th over - 0 runs, 2 hits, 1 error, 3 left on base; Oregon State University 0 - University of Virginia 1 |
TOP OF THE 8TH |
Oregon State University Beavers batting - Pitching for University of Virginia Cavaliers : RHP Waldemar Toet
|
Batting: RHB Willie Lopez
|
0-0: Ball 1-0: Swinging Strike 1-1: Called Strike 1-2: Ball 2-2: Strikes out swinging
|
Batting: LHB Jon Hamilton
|
0-0: Ball 1-0: Foul Ball, location: 2F 1-1: Ball 2-1: Ball 3-1: Called Strike 3-2: Ground out 4-3 (Groundball, 4, EV 82.5 MPH)
|
Batting: SHB Eric Robertson
|
0-0: Ball 1-0: Called Strike 1-1: Ball 2-1: SINGLE (Groundball, 6MS, EV 63.8 MPH) (infield hit)
|
Batting: RHB Israel Soto
|
0-0: SINGLE (Line Drive, 8RD, EV 102.5 MPH) Eric Robertson to second
|
Batting: SHB Sosaia Apelahama
|
0-0: SINGLE (Line Drive, 4D, EV 100.0 MPH) Eric Robertson to third Israel Soto to second
|
Batting: RHB Oscar Munoz
|
0-0: Called Strike 0-1: Ball 1-1: Fly out, F3 (Popup, 23F, EV 86.2 MPH)
|
Top of the 8th over - 0 runs, 3 hits, 0 errors, 3 left on base; Oregon State University 0 - University of Virginia 1 |
BOTTOM OF THE 8TH |
University of Virginia Cavaliers batting - Pitching for Oregon State University Beavers : LHP Yin-reng Deng
|
Pitching: RHP Sun-dong Pak
|
|
Batting: LHB Alex Aguilar
|
0-0: Swinging Strike 0-1: Fly out, F7 (Flyball, 7LSF, EV 90.0 MPH)
|
Batting: LHB Edelberto Barbas
|
0-0: Called Strike 0-1: Ball 1-1: Called Strike 1-2: SINGLE (Line Drive, 34D, EV 95.6 MPH)
|
Batting: LHB Josh Glass
|
0-0: Ball 1-0: Called Strike 1-1: Swinging Strike 1-2: Strikes out swinging
|
Batting: RHB Luke Bertrand
|
0-0: Fielders Choice at 2nd, 6-4 (Groundball, 6, EV 80.0 MPH)
|
Bottom of the 8th over - 0 runs, 1 hit, 0 errors, 1 left on base; Oregon State University 0 - University of Virginia 1 |
TOP OF THE 9TH |
Oregon State University Beavers batting - Pitching for University of Virginia Cavaliers : RHP Waldemar Toet
|
Pitching: RHP Ruud van der Meulen
|
|
Batting: RHB Yasuyuki Moriyama
|
0-0: Foul Ball, location: 2F 0-1: SINGLE (Flyball, 34D, EV 92.5 MPH)
|
Batting: RHB Luis Flores
|
0-0: Ball 1-0: Foul Ball, location: 2F 1-1: Fly out, F3 (Line Drive, 3, EV 72.5 MPH)
|
Batting: LHB Abdul-Hakim Jibril
|
0-0: Ball 1-0: Swinging Strike 1-1: Swinging Strike 1-2: Grounds into double play, 4-6-3 (Groundball, 4, EV 107.5 MPH)
|
Top of the 9th over - 0 runs, 1 hit, 0 errors, 0 left on base; Oregon State University 0 - University of Virginia 1 |
|